 Dungeon Crawl Stone Soup version 0.28-a0-1510-gd0f6b136d3 (webtiles) character file.

Game seed: 7929886700207795272

841 Hasart the Insei (level 8, -4/52 HPs)
             Began as an Octopode Transmuter on Jan 14, 2022.
             Slain by an ogre (15 damage)
             ... on level 5 of the Dungeon.
             The game lasted 00:09:59 (6042 turns).

Hasart the Insei (Octopode Transmuter)              Turns: 6042, Time: 00:10:00

Health: -4/52      AC:  1    Str: 10    XL:     8   Next: 0%
Magic:  6/13       EV: 14    Int: 17    God:
Gold:   188        SH:  0    Dex: 12    Spells: 8/14 levels left

rFire   . . .      SeeInvis .     - Unarmed
rCold   . . .      Faith    .   (no shield)
rNeg    . . .      Spirit   .   (helmet restricted)
rPois   .          Reflect  .   (no amulet)
rElec   .          Harm     .   (no ring)
rCorr   .          Rampage  .   (no ring)
Will    .....                   (no ring)
Stlth   ++........              (no ring)
HPRegen 0.17/turn               (no ring)
MPRegen 0.13/turn               (no ring)
                                (no ring)
                                (no ring)

@: very slightly contaminated
A: almost no armour, amphibious, 8 rings, camouflage 1, gelatinous body 1,
(nimble swimmer 1), tentacles
a: no special abilities


You were on level 5 of the Dungeon.
You visited 1 branch of the dungeon, and saw 5 of its levels.

You collected 188 gold pieces.

Inventory:

Missiles
 l - 3 throwing nets (quivered)
Scrolls
 a - 2 scrolls of fog {unknown}
 b - a scroll of fear {unknown}
 c - 3 scrolls of identify {unknown}
 d - a scroll of blinking {unknown}
 f - 4 scrolls of vulnerability {unknown}
 g - 2 scrolls of noise {unknown}
 j - a scroll of teleportation {unknown}
 k - a scroll of enchant armour {unknown}
 n - a scroll of brand weapon {unknown}
 p - 2 scrolls of torment {unknown}
 q - a scroll of amnesia {unknown}
Potions
 h - a potion of curing {unknown}
 i - a potion of magic {unknown}
 o - a potion of ambrosia {unknown}
 r - a potion of mutation {unknown}


   Skills:
 + Level 3.0 Fighting
 + Level 1.7 Throwing
 + Level 3.7 Dodging
 * Level 5.4 Unarmed Combat
 + Level 3.5 Spellcasting
 + Level 3.6 Transmutations
 + Level 3.1 Poison Magic


You had 8 spell levels left.
You knew the following spells:

 Your Spells              Type           Power      Damage    Failure   Level
a - Beastly Appendage     Tmut           30%        N/A       3%          1
b - Wereblood             Tmut           15%        N/A       5%          2
c - Spider Form           Tmut/Pois      14%        N/A       12%         3

Your spell library contained the following spells:

 Spells                   Type           Power      Damage    Failure   Level
 Passwall                 Tmut/Erth      7%         N/A       12%         2
 Sandblast                Erth           6%         2d5       17%         1
 Ignite Poison            Fire/Tmut/Pois 10%        N/A       21%         3
 Mephitic Cloud           Conj/Pois/Air  6%         N/A       32%         3
 Stone Arrow              Conj/Erth      6%         3d7       45%         3
 Ice Form                 Ice/Tmut       9%         N/A       61%         4
 Freezing Cloud           Conj/Ice/Air   1%         6-21      99%         5


Dungeon Overview and Level Annotations

Branches:
Dungeon (5/15)
 Temple: D:4-7

Altars:
Elyvilon

Shops:
D:4 [


Innate Abilities, Weirdness & Mutations

You cannot wear most types of armour.
You are amphibious.
You can wear up to eight rings at the same time.
Your skin changes colour to match your surroundings (Stealth+).
Your rubbery body absorbs attacks. (AC +1, EV +1)
((You are camouflaged when in or above water. (Stealth+)))
You have tentacles for arms and can constrict up to eight enemies at once.


Message History

You throw a poisoned dart. The poisoned dart hits the ogre.
The ogre is poisoned.
The ogre shouts!
You hear a shout!
Throw: 2 darts (poison)
Press: ? - help, Q - select action, (/) - cycle Shift-Dir - straight line, f - you
Okay, then.
Throw: 2 darts (poison)
Press: ? - help, Q - select action, (/) - cycle Shift-Dir - straight line, f/p - ogre
Aim: an ogre, wielding a +0 giant spiked club (poisoned, 73% to hit)
You throw a poisoned dart. The poisoned dart hits the ogre.
The ogre looks even sicker.
Unknown command.
Throw: dart (poison)
Press: ? - help, Q - select action, (/) - cycle Shift-Dir - straight line, f/p - ogre
Aim: an ogre, wielding a +0 giant spiked club (very poisoned, 73% to hit)
You throw a poisoned dart. The poisoned dart hits the ogre.
The ogre looks even sicker.
Unknown command.
Casting: Beastly Appendage (safe; 3% risk of failure)
Confirm with . or Enter, or press ? or * to list all spells.
You miscast Spider Form.
You are very lightly contaminated with residual magic.
Nothing appears to happen.
The ogre hits you with a +0 giant spiked club!!
Casting: Spider Form (dangerous; 12% risk of failure)
Confirm with . or Enter, or press ? or * to list all spells.
You miscast Spider Form.
Nothing appears to happen.
Unknown command.
Casting: Spider Form (dangerous; 12% risk of failure)
Confirm with . or Enter, or press ? or * to list all spells.
You miscast Spider Form.
Nothing appears to happen.
The ogre hits you with a +0 giant spiked club!!
* * * LOW HITPOINT WARNING * * *
Unknown command.
You tentacle-slap the ogre but do no damage.
Your squeeze misses the ogre.
The ogre is almost dead.
The ogre hits you with a +0 giant spiked club!
You die...

.... #......... #..#
##......... .. #..##
#..((...... ..
...###...####...#......
#...
...............#.......
#....##..............)..##
(...#[.......##.##.####.$..
............##.##..# #
##.#.......@#..##....
#...........O.##......
#............# ........
#.........##....##.....
###.....##.....#........
##...................
##....(.....#.........
##...........####..#...
##........##...# .##..


You could see an ogre (poisoned).

Vanquished Creatures
  Sigmund (D:2)
  Menkaure (D:5)
  An ogre (D:4)
  2 scorpions
  A centaur zombie (D:5)
  A jelly (D:3)
  2 hounds (D:4)
  2 iguanas (D:5)
  A scorpion zombie (D:5)
  6 adders
  An ufetubus (D:4)
  An adder zombie (D:3)
  An adder skeleton (D:4)
  A worm (D:4)
  6 dart slugs
  11 orcs
  2 bats
  6 endoplasms
  A giant cockroach (D:3)
  6 goblins
  6 hobgoblins
  3 jackals (D:2)
  4 quokkas
  5 ball pythons
  A ball python skeleton (D:3)
  6 frilled lizards
  10 kobolds
  4 rats
93 creatures vanquished.

Notes
Turn   | Place    | Note
-------+----------+-------------------------------------------
     0 | D:1      | Hasart the Octopode Transmuter began the quest for the Orb.
     0 | D:1      | Reached XP level 1. HP: 13/13 MP: 3/3
   303 | D:1      | Reached XP level 2. HP: 18/18 MP: 5/5
   316 | D:1      | Learned a level 2 spell: Wereblood
  1098 | D:2      | Reached XP level 3. HP: 23/23 MP: 6/6
  1149 | D:2      | Learned a level 3 spell: Spider Form
  1184 | D:2      | Found a faded altar of an unknown god.
  1668 | D:2      | Reached XP level 4. HP: 28/28 MP: 5/7
  1866 | D:2      | Noticed Sigmund
  1877 | D:2      | Killed Sigmund
  1878 | D:2      | Reached skill level 4 in Unarmed Combat
  1878 | D:2      | Reached skill level 1 in Poison Magic
  1878 | D:2      | Reached XP level 5. HP: 17/34 MP: 6/9
  2159 | D:2      | Reached XP level 6. HP: 34/39 MP: 8/10
  4049 | D:4      | Reached XP level 7. HP: 28/45 MP: 11/11
  4178 | D:4      | Reached skill level 5 in Unarmed Combat
  4184 | D:4      | Identified the +6 bardiche "Rumal" {spect, rElec}
  4260 | D:4      | Found a white marble altar of Elyvilon.
  4276 | D:4      | Reached skill level 1 in Throwing
  4444 | D:4      | Found Yjeluk's Antique Armour Emporium.
  4775 | D:5      | Entered Level 5 of the Dungeon
  4775 | D:5      | Noticed Menkaure
  4786 | D:5      | Killed Menkaure
  5312 | D:5      | HP: 2/45 [poisoned by an adder]
  5807 | D:5      | Reached XP level 8. HP: 25/52 MP: 13/13
  6042 | D:5      | Slain by an ogre

Illustrated notes

Levels and vault maps discovered:
D:1:      erik_arrival_cave_to_civilisation [erik_arrival_cave_to_hall],
          layout_basic, interstate_on_off
D:2:      layout_basic, ebering_ecumenical_altar_sacrificial, minivault_23,
          kennysheep_donut, grunt_ministairs_8, nrook_loot_triangle,
          uniq_sigmund
D:3:      layout_basic, minmay_divided_ellipse
D:4:      layout_loops_ring, elyvilon_altar_3, serial_shops,
          nicolae_take_the_stairs, minmay_ruptured
D:5:      layout_cave_pools, kennysheep_generic_room_8, uniq_menkaure

Skill      XL: |  1  2  3  4  5  6  7 |
---------------+----------------------+-----
Fighting       | 2 3 |  3.0
Unarmed Combat | 4 5 |  5.4
Poison Magic   | 1 2 3 |  3.1
Dodging        | 3 |  3.7
Transmutations | 3 |  3.6
Spellcasting   | 3 |  3.5
Throwing       | 1 |  1.7

Action                   |  1- 3 |  4- 6 |  7- 9 || total
-------------------------+-------+-------+-------++-------
Melee: Unarmed           |    79 |    75 |    71 ||   225
       Tentacles         |    19 |    12 |     9 ||    40
       Constrict         |    22 |    18 |    14 ||    54
       Kick              |     6 |     8 |    17 ||    31
       Punch             |     4 |     3 |     6 ||    13
Throw: Dart              |       |     3 |     3 ||     6
 Cast: Beastly Appendage |     3 |     8 |     6 ||    17
       Wereblood         |     1 |     1 |     1 ||     3
       Spider Form       |       |     1 |       ||     1
  Use: Potion            |       |     1 |     1 ||     2
 Stab: Sleeping          |     6 |     5 |     3 ||    14
Armor: Skin              |     4 |     3 |     8 ||    15
Dodge: Dodged            |    50 |    31 |    52 ||   133

Table legend: (Time is in decaauts)
 A = Elapsed time spent in this place.
 B = Non-inter-level travel time spent in this place.
 C = Inter-level travel time spent in this place.
 D = Time resting spent in this place.
 E = Time spent auto-exploring this place.
 F = Levels seen in this place.
 G = Mean time per level.
                   A        B        C        D        E       F      G
               +--------+--------+--------+--------+--------+-----+--------+
         Total |   6015 |   5865 |    150 |   1160 |   3978 |   5 | 1203.0 |
       Dungeon |   6015 |   5865 |    150 |   1160 |   3978 |   5 | 1203.0 |
               +--------+--------+--------+--------+--------+-----+--------+

Top non-repeatable levels by time:
     D:4: 1844 daAuts
     D:3: 1428 daAuts
     D:2: 1232 daAuts
     D:1: 1090 daAuts
     D:5: 420 daAuts
